[Event "*** SCC Grand Prix: Titled Tuesday Blitz"]
[Site "Chess.com"]
[Date "2020.06.02"]
[Round "4"]
[White "DenisQ"]
[Black "hongnhung1234"]
[Result "1-0"]
[WhiteElo "2570"]
[BlackElo "2222"]
[TimeControl "180+1"]
[EndTime "10:37:55 PDT"]
[Termination "DenisQ won by checkmate"]

1. Nf3 f5 2. g3 Nf6 3. Bg2 g6 4. O-O Bg7 5. c4 O-O 6. Nc3 d6 7. d3 e5 8. Rb1 Nc6 9. b4 h6 10. b5 Ne7 11. c5 g5 12. Qb3+ Kh7 13. a4 f4 14. Ba3 g4 15. cxd6 cxd6 16. Nh4 Nf5 17. Nxf5 Bxf5 18. Bxb7 Rb8 19. Bg2 f3 20. exf3 Bxd3 21. fxg4 Bxf1 22. Rxf1 Nxg4 23. Ne4 d5 24. Bxf8 Bxf8 25. Rd1 d4 26. Qf7+ Bg7 27. Qf5+ Kh8 28. Qxg4 Qa5 29. Nc5 Re8 30. Ne6 Bf6 31. Be4 Qxa4 32.
Qg6 Qxd1+ 33. Kg2 Re7 34. Qxf6+ Kg8 35. Qxe7 Qg4 36. Qh7# 1-0

[Event "*** SCC Grand Prix: Titled Tuesday Blitz"]
[Site "Chess.com"]
[Date "2020.06.02"]
[Round "4"]
[White "Ashedu66"]
[Black "ChessBitl"]
[Result "1-0"]
[WhiteElo "2178"]
[BlackElo "2324"]
[TimeControl "180+1"]
[EndTime "10:37:55 PDT"]
[Termination "Ashedu66 won on time"]

1. d4 Nf6 2. Nf3 g6 3. c4 Bg7 4. Nc3 d6 5. e4 O-O 6. h3 e5 7.
d5 a5 8. Bg5 Na6 9. Be2 Nc5 10.
Nd2 Bd7 11. g4 h6 12. Be3 Kh7 13. h4 Ng8 14. h5 g5 15. f3 Ne7 16. Nf1 c6 17.
Ng3 cxd5 18. cxd5 Qb6 19. Qd2 Rfc8 20. Kf2 Ng8 21. Rhc1 Nf6 22. Kg2 Qb4 23. Rab1 a4 24. Nd1 Qxd2 25. Bxd2 b5 26. Ne3 1-0

[Event "*** SCC Grand Prix: Titled Tuesday Blitz"]
[Site "Chess.com"]
[Date "2020.06.02"]
[Round "4"]
[White "AverageRecord"]
[Black "NewBornNow"]
[Result "1-0"]
[WhiteElo "3011"]
[BlackElo "2694"]
[TimeControl "180+1"]
[EndTime "10:37:56 PDT"]
[Termination "AverageRecord won by checkmate"]

1. d4 d6 2. Nf3 Nf6 3. Nbd2 Nbd7 4. e4 e5 5. c3 g6 6. Bd3 Bg7 7. O-O O-O 8. Re1 b6 9. a4 a5 10. h3 Bb7 11. Qc2 Re8 12. Nf1 d5 13. exd5 Nxd5 14. Bg5 Qc8 15. Bb5 c6 16. Bc4 exd4 17. Nxd4 N7f6 18.
Ng3 Qc7 19. Qd2 Rxe1+ 20. Rxe1 Re8 21. Rxe8+ Nxe8 22. Bxd5 cxd5 23. Bh6 Be5 24. Qe3 Nf6 25.
Nb5 d4 26. Nxd4 Nd5 27. Qe2 Bxd4 28. Qe8# 1-0

[Event "*** SCC Grand Prix: Titled Tuesday Blitz"]
[Site "Chess.com"]
[Date "2020.06.02"]
[Round "4"]
[White "tteshan"]
[Black "Chesstrainer1"]
[Result "1-0"]
[WhiteElo "2234"]
[BlackElo "2413"]
[TimeControl "180+1"]
[EndTime "10:37:56 PDT"]
[Termination "tteshan won by resignation"]

1. e4 c5 2. c3 Nf6 3. e5 Nd5 4. Nf3 e6 5. Bc4 Nb6 6. Bb3 c4 7. Bc2 Nc6 8. O-O g5 9. Re1 g4 10. Nd4 h5 11. d3 Bg7 12. Bf4 Nxd4 13. cxd4 Nd5 14. Bd2 cxd3 15. Bxd3 b6 16. Na3 Kf8 17. Nb5 Ba6 18. Qa4 Bb7 19. Nd6 Bc6 20. Qa3 Kg8 21.
Rac1 h4 22. Be4 g3 23. fxg3 Qe7 24. Qf3 f5 25. Nxf5 Qf6 1-0

[Event "*** SCC Grand Prix: Titled Tuesday Blitz"]
[Site "Chess.com"]
[Date "2020.06.02"]
[Round "4"]
[White "Slovak_fighter2000"]
[Black "DrRiebert"]
[Result "0-1"]
[WhiteElo "2439"]
[BlackElo "2304"]
[TimeControl "180+1"]
[EndTime "10:37:59 PDT"]
[Termination "DrRiebert won by resignation"]

1. d4 d5 2. Nf3 Nf6 3. Bf4 c5 4. e3 Nc6 5. Nbd2 Qb6 6. dxc5 Qxb2 7. Rb1 Qc3 8. Bb5 Bd7 9. Rb3 Qxc5 10. c4 a6 11. Bxc6 Bxc6 12. cxd5 Nxd5 13. Bg3 Ba4 14. O-O Nf6 15. Qb1 Bxb3 16. Nxb3 Qb6 17. Rc1 e6 18. Bc7 Qb4 19. Ne5 b5 20. Qc2 Qe4 21. Qd2 Be7 22.
Bd6 Rd8 23. Rc6 Bxd6 24. Rxd6 Rxd6 0-1

[Event "*** SCC Grand Prix: Titled Tuesday Blitz"]
[Site "Chess.com"]
[Date "2020.06.02"]
[Round "4"]
[White "Chuchofrio1"]
[Black "Omk124"]
[Result "1-0"]
[WhiteElo "2277"]
[BlackElo "2433"]
[TimeControl "180+1"]
[EndTime "10:37:59 PDT"]
[Termination "Chuchofrio1 won by resignation"]

1. d4 Nf6 2. c4 g6 3. Nc3 d5 4.
cxd5 Nxd5 5. Bd2 Bg7 6. e4 Nxc3 7. Bxc3 O-O 8. Qd2 Nc6 9. d5 Ne5 10. f4 Ng4 11. Nf3 e6 12. Bc4 exd5 13. Bxg7 Kxg7 14. Bxd5 c6 15. Bb3 Qe7 16. Qd4+ Kg8 17. O-O Bd7 18. h3 Nf6 19. e5 Nh5 20. Rfe1 c5 21. Qe3 Bc6 22. Ng5 Rad8 23. Rad1 Ng7 24. Rxd8 Qxd8 25. Qxc5 h6 26. Rd1 Qc8 27. Nxf7 Rxf7 28. Qe7 Be8 29. Bxf7+ Bxf7 30. Rd8+ 1-0

[Event "*** SCC Grand Prix: Titled Tuesday Blitz"]
[Site "Chess.com"]
[Date "2020.06.02"]
[Round "4"]
[White "sopo-tereladze"]
[Black "Munkhzul_Turmunkh"]
[Result "0-1"]
[WhiteElo "2349"]
[BlackElo "2579"]
[TimeControl "180+1"]
[EndTime "10:38:00 PDT"]
[Termination "Munkhzul_Turmunkh won by resignation"]

1. e4 c5 2. Nf3 d6 3. d4 cxd4 4. Qxd4 Nc6 5. Bb5 Bd7 6. Bxc6 Bxc6 7. Nc3 Nf6 8. Bg5 e6 9. O-O-O Be7 10. Rhe1 O-O 11.
Kb1 Qc7 12. Qd3 Rac8 13. Nd4 a6 14. f4 b5 15. Bxf6 Bxf6 16. g4 b4 17. Nce2 Bb7 18. g5 Be7 19. f5 e5 20. Nf3 Rfd8 21. f6 gxf6 22. gxf6 Bxf6 23. Ng3 d5 24. Nh5 dxe4 25. Nxf6+ Kh8 26. Qb3 exf3 27. Rxd8+ Rxd8 28. Qxb4 f2 29. Rc1 e4 30. Qb3 Qf4 31. Qc3 Qxc1+ 32. Kxc1 f1=Q+ 0-1

[Event "*** SCC Grand Prix: Titled Tuesday Blitz"]
[Site "Chess.com"]
[Date "2020.06.02"]
[Round "4"]
[White "CaspiIsrael"]
[Black "mishikomchedlishvili"]
[Result "0-1"]
[WhiteElo "2590"]
[BlackElo "2783"]
[TimeControl "180+1"]
[EndTime "10:38:01 PDT"]
[Termination "mishikomchedlishvili won by resignation"]

1. e4 c5 2. Nf3 e6 3. d4 cxd4 4.
Nxd4 Nf6 5. Nc3 d6 6. Be3 Be7 7. f3 h5 8. Qd2 a6 9. O-O-O b5 10.
Kb1 Bb7 11. Bd3 Nbd7 12. g3 Rc8 13. h3 b4 14. Nce2 d5 15. exd5 Nxd5 16. Nf4 Nc5 17. Nxd5 Bxd5 18. g4 h4 19. Rhe1 Nxd3 20. Qxd3 O-O 21.
Nf5 Bf6 22. Bd4 Bc4 23. Qe3 exf5 24. Bc5 Qa5 25. Bxf8 Qxa2+ 26. Kc1 Qxb2+ 27. Kd2 Bc3+ 28. Qxc3 Qxc3+ 29. Kc1 Kxf8 0-1

[Event "*** SCC Grand Prix: Titled Tuesday Blitz"]
[Site "Chess.com"]
[Date "2020.06.02"]
[Round "4"]
[White "yobdc"]
[Black "Chess_Boxer123"]
[Result "0-1"]
[WhiteElo "2167"]
[BlackElo "2701"]
[TimeControl "180+1"]
[EndTime "10:38:01 PDT"]
[Termination "Chess_Boxer123 won by resignation"]

1. e4 c5 2. c3 Nf6 3. e5 Nd5 4. d4 cxd4 5. Nf3 Nc6 6. Bc4 Nb6 7.
Bb3 d5 8. exd6 Qxd6 9. O-O Be6 10. Bxe6 Qxe6 11. Nxd4 Qd7 12. Nb5 Rd8 13. Qxd7+ Rxd7 14. Be3 Nc4 15. Bxa7 Nxa7 16. Nxa7 Nxb2 17. Na3 e6 18. N3b5 Bc5 19. Rab1 Nc4 20. Rfd1 Rxd1+ 21. Rxd1 Ke7 22. Re1 Ra8 23. Re4 Na5 24. Ra4 Bxa7 25. Kf1 Bc5 26. Nc7 Rc8 0-1

[Event "*** SCC Grand Prix: Titled Tuesday Blitz"]
[Site "Chess.com"]
[Date "2020.06.02"]
[Round "4"]
[White "j2806"]
[Black "imdvb6307"]
[Result "0-1"]
[WhiteElo "2112"]
[BlackElo "2376"]
[TimeControl "180+1"]
[EndTime "10:38:02 PDT"]
[Termination "imdvb6307 won by resignation"]

1. e4 Nc6 2. d4 d5 3. e5 Bf5 4.
c3 e6 5. Bd3 Nge7 6. Nf3 Bxd3 7. Qxd3 Nf5 8. O-O Be7 9. Nbd2 O-O 10. Re1 a5 11. Nf1 a4 12. Bf4 Na5 13. Ng3 Nh4 14. Nxh4 Bxh4 15. h3 Qd7 16. Rad1 Rfc8 17. Bc1 c5 18. f4 cxd4 19. cxd4 g6 20. Rf1 Bxg3 21. Qxg3 Rc2 22. Qd3 Rac8 23. a3 Nb3 24. Qe3 Qc6 25.
Bd2 Rxb2 26. Bb4 Qc2 27. Rf2 Qxd1+ 28. Rf1 Qxd4 29. Qxd4 Nxd4 30. Rd1 Ne2+ 31. Kf1 Nxf4 32. Rd2 Rxd2 33. Bxd2 Nd3 34. Ke2 Nxe5 0-1

[Event "*** SCC Grand Prix: Titled Tuesday Blitz"]
[Site "Chess.com"]
[Date "2020.06.02"]
[Round "4"]
[White "aleksa74"]
[Black "DvaHrasta"]
[Result "1-0"]
[WhiteElo "2672"]
[BlackElo "2477"]
[TimeControl "180+1"]
[EndTime "10:38:03 PDT"]
[Termination "aleksa74 won on time"]

1. e4 c6 2. Nc3 d5 3. Nf3 Nf6 4. e5 Ne4 5. d4 Bg4 6. h3 Nxc3 7.
bxc3 Bxf3 8. Qxf3 e6 9. Rb1 b5 10. Bd3 Be7 11. O-O O-O 12. Qg4 Nd7 13. Bh6 g6 14. f4 Qa5 15. f5 exf5 16. Bxf5 Nb6 17. e6 Kh8 18. exf7 Rxf7 19. Bxg6 Rxf1+ 20. Rxf1 hxg6 21. Qxg6 Rg8 22. Qh5 Rg3 23. Bg5+ Kg8 24. Qg6+ 1-0

[Event "*** SCC Grand Prix: Titled Tuesday Blitz"]
[Site "Chess.com"]
[Date "2020.06.02"]
[Round "4"]
[White "zurzan"]
[Black "kingofkolkata"]
[Result "1/2-1/2"]
[WhiteElo "1917"]
[BlackElo "2192"]
[TimeControl "180+1"]
[EndTime "10:38:06 PDT"]
[Termination "Game drawn by repetition"]

1. f4 e5 2. fxe5 d6 3. exd6 Bxd6 4. Nf3 g5 5. g3 g4 6. Nh4 Ne7 7. d4 Ng6 8. Nxg6 hxg6 9. Qd3 Nc6 10. c3 Qe7 11. e4 Bf5 12. Bg2 O-O-O 13. Be3 Rde8 14. Nd2 Rxh2 15. Rxh2 Bxg3+ 16. Kd1 Bxh2 17. exf5 Qxe3 18. Qxe3 Rxe3 19. fxg6 fxg6 20. Bxc6 bxc6 21. Nc4 Re8 22.
Kd2 g3 23. Ne3 Rf8 24. Ng4 Rf4 25. Nxh2 gxh2 26. Rh1 Rf2+ 27. Ke3 Rxb2 28. a4 g5 29. Kf3 Rc2 30. Kg4 Rxc3 31. Rxh2 Rc4 32. Rd2 c5 33.
Kxg5 Rxd4 34. Rc2 Rxa4 35. Rxc5 Re4 36. Kf5 Re1 37. Rb5 c6 38. Rb2 Kc7 39. Ra2 Kb6 40. Rb2+ Kc5 41. Rc2+ Kb6 42. Rb2+ Kc7 43. Ra2 Kb6 44.
Rb2+ 1/2-1/2

[Event "*** SCC Grand Prix: Titled Tuesday Blitz"]
[Site "Chess.com"]
[Date "2020.06.02"]
[Round "4"]
[White "fodorpoti"]
[Black "Konavets"]
[Result "0-1"]
[WhiteElo "2758"]
[BlackElo "2979"]
[TimeControl "180+1"]
[EndTime "10:38:07 PDT"]
[Termination "Konavets won by resignation"]

1. d4 Nf6 2. c4 e6 3. Nc3 Bb4 4. Qc2 Nc6 5. Nf3 d6 6. Bd2 O-O 7. a3 Bxc3 8. Bxc3 Qe7 9. e3 e5 10. dxe5 Nxe5 11. Be2 Re8 12. O-O Ng6 13. b4 Ne4 14.
Bb2 Bf5 15. Qb3 Bg4 16. Rad1 Nh4 17. Nd4 Qg5 18. f4 Qg6 19. g3 Bxe2 20. Nxe2 Nf5 21.
Qd3 h5 22. Kh1 h4 23. Rf3 Qg4 24. Rdf1 hxg3 25. hxg3 Nexg3+ 26. Nxg3 Nxg3+ 27. Kh2 Nxf1+ 28. Qxf1 Re6 29. Rg3 Qh5+ 30. Kg2 Rg6 0-1

[Event "*** SCC Grand Prix: Titled Tuesday Blitz"]
[Site "Chess.com"]
[Date "2020.06.02"]
[Round "4"]
[White "CroissantNeuf"]
[Black "SirMittensofMittensville"]
[Result "1-0"]
[WhiteElo "2390"]
[BlackElo "2590"]
[TimeControl "180+1"]
[EndTime "10:38:07 PDT"]
[Termination "CroissantNeuf won by resignation"]

1. e4 e5 2. Nf3 Nc6 3. d4 exd4 4. Nxd4 Bb4+ 5. c3 Bc5 6. Be3 Bb6 7. Nf5 Bxe3 8. Nxe3 Nge7 9. Bd3 O-O 10. O-O d6 11. f4 Kh8 12. Nd2 f5 13. exf5 Nxf5 14. Nxf5 Bxf5 15. Bxf5 Rxf5 16. Qg4 Qd7 17. Rae1 Raf8 18.
Nf3 Qf7 19. Ng5 Qxa2 20. Ne6 R8f7 21. Nxg7 R5f6 22. Re8+ Rf8 23. Nh5 Qf7 24. Rxf8+ Qxf8 25. Nxf6 Qxf6 26. Re1 Qf8 27. Qd7 1-0

[Event "*** SCC Grand Prix: Titled Tuesday Blitz"]
[Site "Chess.com"]
[Date "2020.06.02"]
[Round "4"]
[White "krasavetc"]
[Black "StockholmMissile"]
[Result "0-1"]
[WhiteElo "2251"]
[BlackElo "2442"]
[TimeControl "180+1"]
[EndTime "10:38:09 PDT"]
[Termination "StockholmMissile won on time"]

1. e4 e5 2. Nf3 Nc6 3. Bc4 Bc5 4. d4 Bxd4 5. c3 Bb6 6. b4 a6 7. O-O Nf6 8. Bg5 h6 9. Bh4 d6 10. Na3 g5 11. Nxg5 hxg5 12. Bxg5 Rg8 13. h4 Bg4 14. Qd3 Nb8 15. Kh1 Nbd7 16. f4 Qe7 17. fxe5 dxe5 18.
Bd5 O-O-O 19. Nc4 Rxg5 20. hxg5 Nxd5 0-1

[Event "*** SCC Grand Prix: Titled Tuesday Blitz"]
[Site "Chess.com"]
[Date "2020.06.02"]
[Round "4"]
[White "timedothwasteme"]
[Black "catalin009"]
[Result "1-0"]
[WhiteElo "2154"]
[BlackElo "2380"]
[TimeControl "180+1"]
[EndTime "10:38:09 PDT"]
[Termination "timedothwasteme won by resignation"]

1. e4 Nf6 2. e5 Nd5 3. d4 d6 4. c4 Nb6 5. exd6 cxd6 6. Nc3 g6 7.
Be2 Bg7 8. Nf3 Bg4 9. O-O O-O 10. Be3 Nc6 11. b3 d5 12. c5 Nc8 13. b4 Nxb4 14.
Qb3 Nc6 15. Qxb7 Bxf3 16. Bxf3 Nxd4 17. Bxd5 e6 18. Be4 Nc2 19. Bxc2 Bxc3 20. Rad1 Qh4 21. Qxa8 Be5 22. g3 1-0

[Event "*** SCC Grand Prix: Titled Tuesday Blitz"]
[Site "Chess.com"]
[Date "2020.06.02"]
[Round "4"]
[White "HElissalt"]
[Black "Jeffinho023"]
[Result "0-1"]
[WhiteElo "2235"]
[BlackElo "2577"]
[TimeControl "180+1"]
[EndTime "10:38:10 PDT"]
[Termination "Jeffinho023 won by resignation"]

1. d4 Nf6 2. c4 g6 3. Nc3 c5 4. d5 d6 5. e4 Bg7 6. Bd3 O-O 7. Nge2 e6 8. h3 exd5 9. cxd5 Nbd7 10. O-O Re8 11. Bf4 c4 12. Bc2 Nc5 13. Ng3 Rb8 14. Re1 b5 15. e5 dxe5 16. Bxe5 Rxe5 17. Rxe5 Nfd7 18. Re2 b4 19. Qe1 Nf8 20. Re8 Qd6 21.
Nge4 Nxe4 22. Nxe4 Qxd5 23. Rd1 Qc6 24. Nd6 Bb7 25.
Be4 Rxe8 26. Bxc6 Rxe1+ 27. Rxe1 Bxc6 28. Nxc4 Ne6 29. b3 Bc3 30. Rd1 Nd4 31. Kf1 Bb5 32. Rd3 Kf8 33. Re3 a5 34. h4 a4 35. h5 axb3 36.
axb3 Nxb3 0-1

[Event "*** SCC Grand Prix: Titled Tuesday Blitz"]
[Site "Chess.com"]
[Date "2020.06.02"]
[Round "4"]
[White "cukus"]
[Black "harlem4brew"]
[Result "1-0"]
[WhiteElo "2483"]
[BlackElo "2178"]
[TimeControl "180+1"]
[EndTime "10:38:10 PDT"]
[Termination "cukus won by resignation"]

1. e4 c5 2. Nf3 Nc6 3. d4 cxd4 4. Nxd4 Nf6 5. Nc3 g6 6. Nxc6 bxc6 7. e5 Nd5 8. Nxd5 cxd5 9. Qxd5 Rb8 10. Bc4 e6 11.
Qd4 Qc7 12. O-O Rb4 13. b3 Bg7 14. f4 d5 15. Ba3 Rb7 16. Bd3 Bd7 17. Kh1 g5 18. Rad1 Rb6 19. Qf2 Bc8 20. Bd6 Qb7 21. fxg5 a5 22. a4 Bf8 23. Bb5+ Rxb5 24. axb5 Bg7 25.
c4 h5 26. c5 h4 27. c6 f5 28. cxb7 Bxb7 29. Qb6 1-0

[Event "*** SCC Grand Prix: Titled Tuesday Blitz"]
[Site "Chess.com"]
[Date "2020.06.02"]
[Round "4"]
[White "Unknown_IM"]
[Black "icychess54"]
[Result "1-0"]
[WhiteElo "2516"]
[BlackElo "2243"]
[TimeControl "180+1"]
[EndTime "10:38:11 PDT"]
[Termination "Unknown_IM won by resignation"]

1. Nf3 d5 2. d4 Nf6 3. c4 c6 4.
Nc3 e6 5. Bg5 Nbd7 6. e3 Qa5 7.
Nd2 Bb4 8. Qc2 Ne4 9. Ndxe4 dxe4 10. Bh4 e5 11. a3 exd4 12. Qxe4+ Kf8 13. Qxd4 Bxc3+ 14. bxc3 Qe5 15. Bg3 Qe6 16. Be2 b6 17. Bg4 Qf6 18.
O-O-O Qxd4 19. cxd4 Ke7 20. Rhe1 Nf6 21. Bf3 Bb7 22.
e4 Rhd8 23. e5 Nd7 24. Bh4+ Ke6 25. Bg4+ f5 26. exf6+ Kd6 27. Bg3+ 1-0

[Event "*** SCC Grand Prix: Titled Tuesday Blitz"]
[Site "Chess.com"]
[Date "2020.06.02"]
[Round "4"]
[White "VladimirBugayev"]
[Black "SaqoChess_Twitch"]
[Result "0-1"]
[WhiteElo "2144"]
[BlackElo "2398"]
[TimeControl "180+1"]
[EndTime "10:38:11 PDT"]
[Termination "SaqoChess_Twitch won on time"]

1. e4 c5 2. a3 d6 3. Nc3 Nf6 4. Bc4 e6 5. d3 Be7 6. Nge2 O-O 7. O-O Nc6 8. h3 d5 9. exd5 exd5 10. Bb5 Qc7 11.
Bf4 Bd6 12. Bxd6 Qxd6 13. d4 c4 14. Bxc6 bxc6 15. b4 a5 16. Rb1 axb4 17. axb4 Rb8 18. b5 cxb5 19. Nxb5 Qd7 20. Nbc3 Rxb1 21. Qxb1 Re8 22.
Qb6 h6 23. Ra1 Qf5 24. Qb5 Qxc2 25. Rc1 Qb3 26. Qc6 Bd7 27. Qd6 Qb2 28. Re1 Qb8 29.
Qc5 Rc8 30. Qa5 Qc7 31. Qa3 Be6 32. Kf1 Ne4 33. Nxe4 dxe4 34. Nc3 f5 35. d5 Bf7 36. d6 Qd7 37. Rb1 Rc6 38. Rb8+ Kh7 39. Qa8 Qxd6 40. Rh8+ Kg6 41. Ne2 Qd3 42. Ke1 Qb1+ 43.
Kd2 c3+ 0-1

[Event "*** SCC Grand Prix: Titled Tuesday Blitz"]
[Site "Chess.com"]
[Date "2020.06.02"]
[Round "4"]
[White "aa175"]
[Black "francyIM"]
[Result "0-1"]
[WhiteElo "2468"]
[BlackElo "2662"]
[TimeControl "180+1"]
[EndTime "10:38:12 PDT"]
[Termination "francyIM won on time"]

1. d4 Nf6 2. Nf3 e6 3. Bf4 b6 4.
e3 Bb7 5. Nbd2 Be7 6. Bd3 O-O 7. h4 c5 8. c3 d6 9. e4 cxd4 10. cxd4 e5 11. dxe5 dxe5 12. Nxe5 Bd6 13. Qe2 Re8 14.
Ndc4 Bb4+ 15. Kf1 Na6 16. a3 Bf8 17. b4 Nc7 18. Rd1 Ne6 19. Bg5 h6 20. Nxf7 Kxf7 21. e5 hxg5 22. exf6 Bxg2+ 23. Kg1 Nf4 24. Ne5+ Rxe5 25.
Qxe5 Nxd3 26. fxg7 Nxe5 27. Rxd8 Rxd8 28. gxf8=R+ Rxf8 29. Kxg2 Rh8 30. Re1 Nd3 31. Re3 Nf4+ 32. Kg3 Rxh4 33.
Kf3 Ne6 34. Rb3 Nd4+ 0-1

[Event "*** SCC Grand Prix: Titled Tuesday Blitz"]
[Site "Chess.com"]
[Date "2020.06.02"]
[Round "4"]
[White "CalinGheorghiu"]
[Black "MomchilPetkov"]
[Result "1-0"]
[WhiteElo "2322"]
[BlackElo "2515"]
[TimeControl "180+1"]
[EndTime "10:38:12 PDT"]
[Termination "CalinGheorghiu won by resignation"]

1. d4 Nf6 2. c4 e6 3. Nc3 Bb4 4. f3 c5 5. d5 O-O 6. e4 d6 7.
Ne2 b5 8. Nf4 exd5 9. Nxd5 Nxd5 10. Qxd5 Be6 11. Qxa8 Bxc3+ 12. bxc3 Qb6 13. cxb5 d5 14.
a4 Qa5 15. Bd2 Re8 16. Be2 Qc7 17. O-O Bc8 18. Qxd5 Rd8 19. Bf4 Qe7 20. Qe5 Qf8 21. Qxb8 Be6 22. Qe5 c4 23. Rad1 Re8 24. Qd6 1-0

[Event "*** SCC Grand Prix: Titled Tuesday Blitz"]
[Site "Chess.com"]
[Date "2020.06.02"]
[Round "4"]
[White "saikrishnaReturns"]
[Black "Msb2"]
[Result "0-1"]
[WhiteElo "2639"]
[BlackElo "2828"]
[TimeControl "180+1"]
[EndTime "10:38:13 PDT"]
[Termination "Msb2 won by checkmate"]

1. e4 e6 2. d3 d5 3. Nd2 Nf6 4. Ngf3 b6 5. e5 Nfd7 6. d4 c5 7. c3 Be7 8. h4 f6 9. Bb5 O-O 10. exf6 Nxf6 11. Qe2 a6 12. Bd3 Nc6 13. Nf1 b5 14. Ng3 b4 15. h5 bxc3 16. bxc3 cxd4 17. cxd4 Bb4+ 18. Bd2 Qa5 19. Rh4 Bd7 20. Kf1 Bxd2 21.
Nxd2 Qc3 22. Nb3 Nb4 23. Rd1 Nxd3 24. Rxd3 Qc8 25. Nc5 Bb5 26. h6 g6 27. Kg1 Bxd3 28.
Qxd3 e5 29. Ne2 e4 30. Qg3 Rb8 31. Nf4 Rb1+ 32. Kh2 Qf5 33. Nce6 Rc8 34. Ng7 Rcc1 35. Nxf5 Rh1# 0-1

[Event "*** SCC Grand Prix: Titled Tuesday Blitz"]
[Site "Chess.com"]
[Date "2020.06.02"]
[Round "4"]
[White "albi1999"]
[Black "UCantHandleDenker"]
[Result "1/2-1/2"]
[WhiteElo "2654"]
[BlackElo "2476"]
[TimeControl "180+1"]
[EndTime "10:38:13 PDT"]
[Termination "Game drawn by repetition"]

1. d4 Nf6 2. c4 d6 3. Nf3 Nbd7 4. Nc3 e5 5. g3 Be7 6. Bg2 O-O 7. O-O c6 8. e4 a6 9. a4 a5 10. Qc2 Re8 11.
h3 Bf8 12. Be3 exd4 13. Nxd4 g6 14. Rad1 Qc7 15. Rd2 Nc5 16. Rfd1 Nfd7 17. b3 Na6 18. Nde2 Ndc5 19. Bf4 Qb6 20. Rb1 Qc7 21. Qd1 Be6 22.
Bxd6 Bxd6 23. Rxd6 Rad8 24. Rxd8 Rxd8 25. Qc1 Qb6 26.
Qb2 Nd3 27. Qa3 Qxf2+ 28. Kh2 Ne1 29. Rxe1 Qxe1 30. Qe7 Rd2 31. Qxb7 Nb4 32. Qb8+ Kg7 33. Qe5+ Kg8 34. Qb8+ Kg7 35. Qe5+ Kf8 36. Qb8+ Ke7 37. Qc7+ Kf8 38. Qb8+ Kg7 1/2-1/2

[Event "*** SCC Grand Prix: Titled Tuesday Blitz"]
[Site "Chess.com"]
[Date "2020.06.02"]
[Round "4"]
[White "Koalaskakistis"]
[Black "nadirsm"]
[Result "1-0"]
[WhiteElo "2398"]
[BlackElo "2156"]
[TimeControl "180+1"]
[EndTime "10:38:13 PDT"]
[Termination "Koalaskakistis won by resignation"]

1. Nf3 d5 2. g3 c6 3. Bg2 e6 4. O-O f5 5. d3 Nf6 6. Nbd2 Bc5 7. b3 O-O 8. a4 Qe7 9. Bb2 Nbd7 10. Qe1 e5 11. e4 dxe4 12. dxe4 f4 13. gxf4 exf4 14.
e5 Nd5 15. Ne4 Bb4 16. c3 Ba5 17. Ba3 c5 18. Rd1 N5b6 19. b4 Nc4 20. bxa5 Nxa3 21. Qd2 Nxe5 22. Qa2+ c4 23. Nxe5 Qxe5 24. f3 Qe7 25.
Ra1 Bf5 26. Qxa3 Qc7 27. Qc5 Qxa5 28. Qxa5 1-0

[Event "*** SCC Grand Prix: Titled Tuesday Blitz"]
[Site "Chess.com"]
[Date "2020.06.02"]
[Round "4"]
[White "c63_amg"]
[Black "jonaszmb"]
[Result "0-1"]
[WhiteElo "2689"]
[BlackElo "2427"]
[TimeControl "180+1"]
[EndTime "10:38:14 PDT"]
[Termination "jonaszmb won on time"]

1. e4 c5 2. Nf3 Nc6 3. Bb5 a6 4.
Bxc6 dxc6 5. d3 Qc7 6. h3 e5 7. Nc3 Ne7 8. O-O Ng6 9. Ne2 Be7 10. Nh2 O-O 11. f4 exf4 12. Nxf4 Bd6 13. Qf3 f5 14. g3 fxe4 15. Qxe4 Nxf4 16. Bxf4 Bxh3 17. Qc4+ Kh8 18. Rf2 b5 19. Qe4 Bxf4 20. gxf4 Rae8 21. Qf3 Bf5 22.
Rg2 Be6 23. Qh5 Qxf4 24. Qxc5 Bd5 25. Rf1 Qb8 26. Rxf8+ Rxf8 27. Rg5 Qf4 0-1

[Event "*** SCC Grand Prix: Titled Tuesday Blitz"]
[Site "Chess.com"]
[Date "2020.06.02"]
[Round "4"]
[White "letsgoband"]
[Black "DenLaz"]
[Result "0-1"]
[WhiteElo "2441"]
[BlackElo "2633"]
[TimeControl "180+1"]
[EndTime "10:38:15 PDT"]
[Termination "DenLaz won by resignation"]

1. e4 e5 2. Nf3 Nc6 3. Bb5 a6 4. Ba4 Nf6 5. O-O Be7 6. Re1 b5 7. Bb3 d6 8. c3 O-O 9. h3 Bb7 10. d4 Re8 11. Nbd2 Bf8 12. a3 g6 13. d5 Nb8 14. Nf1 Nbd7 15. Ng3 Bg7 16. Bg5 h6 17.
Be3 Qe7 18. Qd2 Kh7 19. Bc2 Rad8 20. a4 c6 21. axb5 cxd5 22. bxa6 Ba8 23. exd5 Nxd5 24. h4 f5 25. h5 f4 26. Bxg6+ Kh8 27. Bxf4 Nxf4 28. Nf5 Qf6 29. Nxd6 Rf8 30. Ne4 Qc6 31. Qc2 Nc5 32. b4 Ncd3 33. Re3 Nxg6 34. hxg6 Nf4 35. Ng3 Nxg2 36. Kxg2 Rxf3 37. Rxf3 Qxf3+ 38. Kf1 Rf8 39. a7 Qxg3 40. Ra5 Qg2+ 0-1

[Event "*** SCC Grand Prix: Titled Tuesday Blitz"]
[Site "Chess.com"]
[Date "2020.06.02"]
[Round "4"]
[White "Sanroto99"]
[Black "Lenyas66"]
[Result "0-1"]
[WhiteElo "2312"]
[BlackElo "2507"]
[TimeControl "180+1"]
[EndTime "10:38:15 PDT"]
[Termination "Lenyas66 won by checkmate"]

1. d4 e6 2. c4 Bb4+ 3. Bd2 a5 4. Nf3 Nf6 5. e3 d5 6. Nc3 O-O 7. Be2 b6 8. O-O Bb7 9. b3 Nbd7 10. a3 Bxc3 11.
Bxc3 Ne4 12. Qc2 f5 13. b4 a4 14. b5 Rf6 15. Ne5 Nxe5 16. dxe5 Rg6 17. Bf3 Ng5 18. Qe2 Nxf3+ 19. Qxf3 Rb8 20. g3 dxc4 21. Qe2 Be4 22. Rfd1 Bd3 23. Qb2 Qd5 24. f4 h5 25.
Kf2 h4 26. Qc1 Rh6 27. Rh1 Kf7 28. Qd1 Rbh8 29. g4 fxg4 30. Qxg4 Rg6 31. Qh3 Bf5 32. Qf1 Bg4 33. Ke1 Bf3 34. Rg1 Rxg1 35. Qxg1 Qd3 36. Rc1 Qe2# 0-1

[Event "*** SCC Grand Prix: Titled Tuesday Blitz"]
[Site "Chess.com"]
[Date "2020.06.02"]
[Round "4"]
[White "Siemba"]
[Black "robertofabregas"]
[Result "1-0"]
[WhiteElo "2384"]
[BlackElo "2055"]
[TimeControl "180+1"]
[EndTime "10:38:15 PDT"]
[Termination "Siemba won by resignation"]

1. e4 c5 2. Nf3 d6 3. d4 cxd4 4. Nxd4 Nf6 5. Nc3 e6 6. g4 h6 7. h4 e5 8. Bb5+ Nbd7 9. Nf5 a6 10. Bxd7+ Qxd7 11. Rg1 g6 12. Ne3 Qc6 13. Ned5 Bg7 14. g5 Nxd5 15. Nxd5 Be6 16. Be3 Bxd5 17. exd5 Qb5 18.
b3 h5 19. c4 Qb4+ 20. Qd2 Qxd2+ 21. Kxd2 Rc8 22. Rac1 Kd7 23. Rc2 b5 24. Rgc1 b4 25.
a3 a5 26. axb4 axb4 27. Ra1 e4 28. Ra7+ Rc7 29. Rxc7+ Kxc7 30. Ra2 Bc3+ 31. Kc2 Rf8 32. Ra7+ Kd8 33. c5 Be5 34. c6 Kc8 35. Ra8+ 1-0

[Event "*** SCC Grand Prix: Titled Tuesday Blitz"]
[Site "Chess.com"]
[Date "2020.06.02"]
[Round "4"]
[White "PSvidler"]
[Black "Zenzo"]
[Result "1-0"]
[WhiteElo "2994"]
[BlackElo "2559"]
[TimeControl "180+1"]
[EndTime "10:38:16 PDT"]
[Termination "PSvidler won by resignation"]

1. e4 e5 2. Nf3 Nc6 3. Bb5 a6 4. Ba4 Nge7 5. Bb3 d5 6. Nc3 Be6 7. Ng5 Nd4 8. d3 Nxb3 9. Nxe6 fxe6 10. axb3 Ng6 11. Qg4 Qd6 12. h4 d4 13. Ne2 O-O-O 14.
h5 Ne7 15. Bg5 Rd7 16. Bxe7 Rxe7 17. Rh3 Rf7 18. Ng1 Be7 19. Rf3 Rhf8 20. Rxf7 Rxf7 21.
Nf3 Qb4+ 22. Ke2 Qd6 23. b4 Bf6 24. c3 Kd7 25. Ra5 dxc3 26. Rd5 cxb2 27. Nd2 Bg5 28. Rxd6+ cxd6 29. Qxg5 1-0